 Dungeon Crawl Stone Soup version 0.27.1-34-g3ba077fa99 (webtiles) character file.

Game seed: 17782079075667130546

8 Delamore the Sneak (level 2, -2/11 HPs)
             Began as a Felid Air Elementalist on Jan 22, 2022.
             Frozen to death by an endoplasm (5 damage)
             ... on level 1 of the Dungeon.
             The game lasted 00:00:47 (293 turns).

Delamore the Sneak (Felid Air Elementalist)          Turns: 293, Time: 00:00:48

Health: -2/11      AC:  1    Str:  4    XL:     2   Next: 0%
Magic:  0/6        EV: 17    Int: 16    God:
Gold:   3          SH:  0    Dex: 16    Spells: 4/5 levels left
                                        Lives:  0   Deaths: 0

rFire    . . .     SeeInvis +   (weapon unavailable)
rCold    . . .     Faith    .   (shield unavailable)
rNeg     . . .     Spirit   .   (armour unavailable)
rPois    .         Reflect  .   (helmet unavailable)
rElec    .         Harm     .   (cloak unavailable)
rCorr    .         Rampage  .   (gloves unavailable)
Will     .....                  (boots unavailable)
Stlth    ++........             (no amulet)
HPRegen  0.03/turn              (no ring)
MPRegen  0.10/turn              (no ring)

@: very slightly contaminated, quick
A: very small, claws 1, fangs 3, see invisible, speed 1, shaggy fur 1, stealthy
paws, no weapons or thrown items, no armour, multi-lived
a: no special abilities


You were on level 1 of the Dungeon.
You visited 1 branch of the dungeon, and saw 1 of its levels.

You collected 3 gold pieces.

Inventory:

Potions
 a - a potion of brilliance {unknown}


   Skills:
 + Level 3.0 Dodging
 + Level 3.2 Stealth
 - Level 2.0 Spellcasting
 - Level 0.8 Conjurations
 + Level 2.9 Air Magic


You had 4 spell levels left.
You knew the following spells:

 Your Spells              Type           Power      Damage    Failure   Level
a - Shock                 Conj/Air       28%        1d4       10%         1

Your spell library contained the following spells:

 Spells                   Type           Power      Damage    Failure   Level
 Static Discharge         Conj/Air       7%         N/A       14%         2
 Swiftness                Air            10%        N/A       19%         3
 Airstrike                Air            5%         N/A       54%         4


Dungeon Overview and Level Annotations

Branches:
Dungeon (1/15)

Altars:


Innate Abilities, Weirdness & Mutations

You have sharp claws.
You have razor-sharp teeth.
You have supernaturally acute eyesight. (SInv)
You cover ground quickly. (Speed+)
You are covered in fur. (AC +1)
Your paws help you pounce on unaware monsters.
You are incapable of wielding weapons or throwing items.
You cannot wear armour.
You gain extra lives every three experience levels.


Message History

Aiming: Shock (safe; 10% risk of failure)
Press: ? - help, Shift-Dir - straight line, f/p - endoplasm
Aim: an endoplasm (lightly wounded, 97% to hit)
The zap hits the endoplasm.
The endoplasm is moderately wounded.
Casting: Shock (safe; 10% risk of failure)
Confirm with . or Enter, or press ? or * to list all spells.
Aiming: Shock (safe; 10% risk of failure)
Press: ? - help, Shift-Dir - straight line, f/p - endoplasm
Aim: an endoplasm (moderately wounded, 97% to hit)
You miscast Shock.
You are very lightly contaminated with residual magic.
Nothing appears to happen.
Casting: Shock (safe; 10% risk of failure)
Confirm with . or Enter, or press ? or * to list all spells.
Aiming: Shock (safe; 10% risk of failure)
Press: ? - help, Shift-Dir - straight line, f/p - endoplasm
Aim: an endoplasm (moderately wounded, 97% to hit)
The zap misses the endoplasm.
You start resting.
An endoplasm is nearby!
Casting: Shock (safe; 10% risk of failure)
Confirm with . or Enter, or press ? or * to list all spells.
Aiming: Shock (safe; 10% risk of failure)
Press: ? - help, Shift-Dir - straight line, f/p - endoplasm
Aim: an endoplasm (moderately wounded, 97% to hit)
The zap misses the endoplasm.
You scratch the endoplasm but do no damage.
The endoplasm is moderately wounded.
The endoplasm hits you.
* * * LOW HITPOINT WARNING * * *
Casting: Shock (safe; 10% risk of failure)
Confirm with . or Enter, or press ? or * to list all spells.
Aiming: Shock (safe; 10% risk of failure)
Press: ? - help, Shift-Dir - straight line, f/p - endoplasm
Aim: an endoplasm (moderately wounded, 97% to hit)
You miscast Shock.
Nothing appears to happen.
The endoplasm freezes you.
You are frozen.
You die...

#..≈....≈≈≈## #.≈≈≈....≈≈#.
#.≈≈≈≈..≈≈≈##
######.≈≈≈≈≈≈≈≈≈≈#
#......≈≈≈≈≈≈≈≈≈≈≈
#.####.##≈≈≈≈≈≈...
##.......'.........
########........'.......##
+........@J....##≈≈≈≈≈..#.
##...####.#....≈≈≈≈≈##''#.
+..)##........≈≈≈≈≈#...##
...##[..##.#.....)≈≈≈≈≈#.....
........†..#.....#≈≈≈≈#######
....##)########..###≈≈≈
.S..... ....####≈ ###.##. ...
.. ..


You could see an endoplasm.

Vanquished Creatures
  A ball python (D:1)
  2 goblins (D:1)
  2 jackals (D:1)
  A frilled lizard (D:1)
  A kobold (D:1)
7 creatures vanquished.

Notes
Turn   | Place    | Note
-------+----------+-------------------------------------------
     0 | D:1      | Delamore the Felid Air Elementalist began the quest for the
                  | Orb.
     0 | D:1      | Reached XP level 1. HP: 7/7 MP: 4/4
   232 | D:1      | Reached XP level 2. HP: 3/11 MP: 0/6
   293 | D:1      | Frozen to death by an endoplasm

Illustrated notes

Levels and vault maps discovered:
D:1:      sevenhm_arrival_forest_fort_large_1, layout_basic,
          shapermc_ecumenical_altar_starsandcircs

Skill      XL: |  1 |
---------------+----+-----
Stealth        | 3 |  3.2
Dodging        | 3 |  3.0
Spellcasting   | |  2.0
Conjurations   | |  0.8
Air Magic      | |  2.9

Action                   || total
-------------------------++-------
Melee: Unarmed           ||    16
 Cast: Shock             ||    15
Armor: Skin              ||     1
Dodge: Dodged            ||    13
